 Dungeon Crawl Stone Soup version 0.32-a0-39-g5c88369fb2 (webtiles) character file.

Game seed: 15018163925791612110

775 Eptagon the Changeling (level 7, -4/47 HPs)
             Began as an Octopode Shapeshifter on Feb 4, 2024.
             Was an Initiate of Gozag.
             Slain by a lemure (6 damage)
             ... led by Pikel
             ... on level 4 of the Dungeon.
             The game lasted 00:07:18 (4121 turns).

Eptagon the Changeling (Octopode Shapeshifter)      Turns: 4121, Time: 00:07:18

Health: -4/47      AC:  1    Str: 20    XL:     7   Next: 84%
Magic:  7/7        EV: 14    Int: 12    God:    Gozag
Gold:   255        SH:  0    Dex: 13    Spells: 6/6 levels left

rFire   . .          .
                       - Unarmed
rCold   . . .        (no shield)
rNeg    . . .        (helmet currently unavailable)
rPois   .            (no amulet)
rElec   .            e - +6 ring of strength
rCorr   .            a - ring of see invisible
SInv    +            (no ring)
Will    .....        (no ring)
Stlth   ++           (no ring)
HPRegen 0.27/turn    (no ring)
MPRegen 0.10/turn    (no ring)
                     (no ring)

%: no passive effects
@: beast-form
A: beast (slay +3), almost no armour, amphibious, 8 rings, camouflage 1,
gelatinous body 1, (nimble swimmer 1), tentacles
a: Begin Untransformation, Renounce Religion, Potion Petition, Call Merchant,
Bribe Branch


You were on level 4 of the Dungeon.
You worshipped Gozag.
Gozag was aware of your devotion.
You were a hulking beast.
You visited 2 branches of the dungeon, and saw 5 of its levels.

You collected 330 gold pieces.
You paid 75 gold pieces to Gozag.

Inventory:

Jewellery
 a - a ring of see invisible (right tentacle)
 e - a +6 ring of strength (left tentacle)
Talismans
 b - a beast talisman
 s - a serpent talisman
Wands
 l - a wand of polymorph (7)
 p - a wand of iceblast (10)
Scrolls
 d - a scroll of poison {unknown}
 f - 3 scrolls of teleportation {unknown}
 g - 5 scrolls of identify {unknown}
 j - a scroll of blinking {unknown}
 k - a scroll of enchant weapon {unknown}
 m - a scroll of fear {unknown}
 o - 3 scrolls of vulnerability {unknown}
 q - a scroll of immolation {unknown}
Potions
 h - 4 potions of curing {unknown}
 i - a potion of might {unknown}
 n - a potion of degeneration {unknown}
 r - a potion of brilliance {unknown}


   Skills:
 + Level 3.7 Fighting
 + Level 4.1 Dodging
 + Level 4.8 Unarmed Combat
 * Level 5.7 Shapeshifting


You had 6 spell levels left.
You didn't know any spells.
Your spell library contained the following spells:

 Spells                   Type           Power      Damage    Failure   Level
 Blink                    Tloc           0%         N/A       45%         2
 Lesser Beckoning         Tloc           0%         N/A       45%         2
 Momentum Strike          Conj/Tloc      0%         3d8       45%         2
 Stone Arrow              Conj/Erth      0%         3d7       69%         3
 Lehudib's Crystal Spear  Conj/Erth      0%         10d2      100%        8
 Animate Armour           Summ/Erth      Unusable   N/A       N/A         4

Dungeon Overview and Level Annotations

Branches:
Dungeon (4/15)             Temple (1/1) D:4

Altars:
Ashenzari
Elyvilon
Gozag
Kikubaaqudgha
Makhleb
Okawaru
Sif Muna
Uskayaw
Vehumet
Wu Jian
Yredelemnul
Zin

Shops:
D:3 [

Annotations:
D:4 Pikel


Innate Abilities, Weirdness & Mutations

You are a hulking beast.
Your limbs bulge with bestial killing power. (Slay +3)
You cannot wear most types of armour.
You are amphibious.
You can wear up to eight rings at the same time.
Your skin changes colour to match your surroundings (Stealth+).
Your rubbery body absorbs attacks. (AC +1, EV +1)
((You are camouflaged when in or above water. (Stealth+)))
You have tentacles for arms and can constrict up to eight enemies at once.


Message History

Found an escape hatch in the floor.
Pikel shouts!
The lemure shouts! x2
A lemure comes into view.
You tentacle-slap the lemure. Your grab misses the lemure.
The lemure is moderately wounded.
A goblin comes into view. It is wielding a +0 dagger.
The lemure hits you!
You barely miss the lemure. Your grab misses the lemure.
Your squeeze misses the lemure.
The lemure is moderately wounded.
You tentacle-slap Pikel. You grab Pikel.
Pikel is lightly wounded.
You constrict Pikel, but do no damage. You tentacle-slap Pikel.
You squeeze Pikel!
Pikel is moderately wounded.
You constrict Pikel, but do no damage.
Pikel hits you with a +2 whip of electrocution!
You bludgeon Pikel!
Pikel is heavily wounded.
You constrict Pikel, but do no damage.
Pikel hits you with a +2 whip of electrocution.
The lemure barely misses you.
You tentacle-slap Pikel but do no damage.
Pikel is heavily wounded.
You constrict Pikel. Pikel barely misses you. The lemure closely misses you.
The lemure hits you!
You tentacle-slap Pikel.
Pikel is severely wounded.
You constrict Pikel.
You tentacle-slap Pikel but do no damage.
You tentacle-slap Pikel. You squeeze Pikel.
Pikel is almost dead.
You constrict Pikel.
Pikel hits you with a +2 whip of electrocution!
* * * LOW HITPOINT WARNING * * *
The lemure hits you.
* * * LOW HITPOINT WARNING * * *
The lemure hits you.
You die...
Your body crumbles into a pile of gold.

.......... .......####.........#
........# #.........#..#......#
........## #....####......#....#
..>....<.####...#.....##.###....#
................#.#........#...##
...#...>..........#........#.#.#
##.##......................#.#.#
....#<....#................#.#.#
.(......)....#.5h##..).....#.#.#
.⌠..#........##5K########.#..#.#
....#.......# #.55 #...#
............# #.g.. ...##
....#.......# ##.#..
.⌠..#.......# #.#...
............# #.#....
....#.......# #.# >...
##.##........


You could see Pikel, 4 lemures and a goblin.

Vanquished Creatures
  The ghost of Fastnbulbous the Slasher, an amateur DrDe (D:3)
  A wolf (Temple)
  A scorpion (D:4)
  Dowan (Temple)
  A howler monkey (D:4)
  A bombardier beetle (D:4)
  2 orc priests
  Natasha (thrice) (D:3)
  Ijyb (D:3)
  2 iguanas
  An orc wizard (D:4)
  3 gnolls (D:3)
  4 adders
  2 dart slugs
  2 ribbon worms
  3 orcs
  7 ball pythons
  A bat skeleton (D:2)
  2 endoplasms
  3 giant cockroaches
  6 goblins
  7 hobgoblins
  9 kobolds
  5 quokkas
  A ball python skeleton (D:2)
  4 bats
  4 frilled lizards (D:1)
  A quokka zombie (D:2)
  10 rats
89 creatures vanquished.

Notes
Turn   | Place    | Note
-------+----------+-------------------------------------------
     0 | D:1      | Eptagon the Octopode Shapeshifter began the quest for the
                  | Orb.
     0 | D:1      | Reached XP level 1. HP: 13/13 MP: 1/1
    94 | D:1      | Reached XP level 2. HP: 11/18 MP: 2/2
   905 | D:2      | Reached XP level 3. HP: 23/23 MP: 3/3
  1408 | D:2      | Reached XP level 4. HP: 28/29 MP: 4/4
  2009 | D:3      | Noticed Ijyb
  2016 | D:3      | Reached skill level 4 in Shapeshifting
  2024 | D:3      | Killed Ijyb
  2025 | D:3      | Reached XP level 5. HP: 11/34 MP: 5/5
  2184 | D:3      | Noticed Natasha
  2189 | D:3      | Killed Natasha
  2274 | D:3      | Found Ybyefor's Antique Armour Emporium.
  2294 | D:3      | Reached XP level 6. HP: 25/41 MP: 6/6
  2418 | D:3      | Found a runed translucent door.
  2419 | D:3      | Noticed Fastnbulbous's ghost (amateur DrDe)
  2504 | D:3      | Found a faded altar of an unknown god.
  2775 | D:3      | Killed Fastnbulbous's ghost
  2958 | D:3      | Found a faded altar of an unknown god.
  3140 | D:3      | Noticed Natasha
  3143 | D:3      | Killed Natasha
  3242 | D:3      | Found Ybyefor's Antique Armour Emporium.
  3624 | D:3      | Noticed Natasha
  3628 | D:3      | Killed Natasha
  3629 | D:3      | Reached skill level 5 in Shapeshifting
  3673 | D:4      | Found a staircase to the Ecumenical Temple.
  3674 | D:4      | Noticed Dowan
  3674 | D:4      | Noticed Duvessa
  3681 | Temple   | Entered the Ecumenical Temple
  3692 | Temple   | Duvessa changed into Duvessa the wolf
  3692 | Temple   | Noticed Duvessa
  3694 | Temple   | Killed Duvessa the wolf
  3695 | Temple   | Reached XP level 7. HP: 23/45 MP: 7/7
  3696 | Temple   | Killed Dowan
  3733 | Temple   | Became a worshipper of Gozag Ym Sagoz the Greedy
  4113 | D:4      | Noticed Pikel
  4121 | D:4      | HP: 2/47 [lemure[Pikel] (1)]
  4121 | D:4      | Slain by a lemure

Illustrated notes

Levels and vault maps discovered:
D:1:      lightli_arrival_boilingwater, layout_basic
D:2:      minmay_chambers_of_ones, layout_basic, serial_undead, serial_undead_c,
          serial_undead_d, serial_undead_a, serial_undead_b
D:3:      layout_loops_ring, shapermc_ecumenical_altar_notcrosses, serial_shops,
          nicolae_shop_stone, ebering_ghost_reflecting_pool,
          grunt_decor_resistance, uniq_natasha, uniq_ijyb
D:4:      layout_rooms, minmay_temple_entry_large_hall, uniq_duvessa, uniq_pikel
Temple:   hc_temple_tempest_star

Skill      XL: |  1  2  3  4  5  6  7 |
---------------+----------------------+-----
Fighting       | 2 3 |  3.7
Shapeshifting  | 4 5 |  5.7
Dodging        | 3 4 |  4.1
Unarmed Combat | 4 |  4.8

Action                     |  1- 3 |  4- 6 |  7- 9 || total
---------------------------+-------+-------+-------++-------
  Melee: Unarmed           |    54 |    78 |    41 ||   173
         Constrict         |    17 |    22 |    11 ||    50
         Punch             |     2 |     1 |     1 ||     4
         Tentacles         |     7 |    11 |    10 ||    28
  Evoke: Wand              |       |     4 |       ||     4
    Use: Potion            |       |     1 |       ||     1
   Stab: Sleeping          |     6 |     3 |       ||     9
 Armour: Skin              |    15 |    37 |    17 ||    69
  Dodge: Dodged            |    28 |    45 |    20 ||    93

Table legend: (Time is in decaauts)
 A = Elapsed time spent in this place.
 B = Non-inter-level travel time spent in this place.
 C = Inter-level travel time spent in this place.
 D = Time resting spent in this place.
 E = Time spent auto-exploring this place.
 F = Levels seen in this place.
 G = Mean time per level.
                   A        B        C        D        E       F      G
               +--------+--------+--------+--------+--------+-----+--------+
         Total |   4107 |   3939 |    168 |     23 |   3352 |   5 |  821.4 |
       Dungeon |   4027 |   3920 |    107 |     23 |   3352 |   4 | 1006.8 |
        Temple |     79 |     18 |     61 |      0 |      0 |   1 |   79.0 |
               +--------+--------+--------+--------+--------+-----+--------+

Top non-repeatable levels by time:
     D:3: 1807 daAuts
     D:2: 972 daAuts
     D:1: 883 daAuts
     D:4: 364 daAuts
  Temple: 79 daAuts
